 Dungeon Crawl Stone Soup version 0.25-b1-23-ge2ad7d536c (webtiles) character file.

Game seed: 4879980759310073687, levelgen mode: deterministic

5366 Dirian the Carver (level 10, 0/84 HPs)
             Began as a Minotaur Fighter on June 2, 2020.
             Was a Priest of Makhleb.
             Slain by a troll (3 damage)
             ... on level 8 of the Dungeon.
             The game lasted 00:17:05 (8734 turns).

Dirian the Carver (Minotaur Fighter)                Turns: 8734, Time: 00:17:06

Health: 0/84       AC: 11    Str: 26    XL:     10   Next: 39%
Magic:  11/11      EV:  9    Int:  5    God:    Makhleb [***...]
Gold:   322        SH: 12    Dex: 10    Spells: 9/9 levels left

rFire    . . .     SeeInvis .   a - +1 long sword
rCold    . . .     Gourm    .   c - +1 kite shield
rNeg     . . .     Faith    .   i - +5 ring mail of Poor Excuses {Str+2}
rPois    .         Spirit   .   (helmet restricted)
rElec    .         Reflect  .   (no cloak)
rCorr    +         Harm     .   (no gloves)
MR       .....                  (no boots)
Stlth    ..........             e - amulet of the acrobat
HPRegen  0.24/turn              t - ring of resist corrosion
MPRegen  0.12/turn              (no ring)

@: no status effects
A: retaliatory headbutt, horns 2
a: Minor Destruction, Lesser Servant of Makhleb, Renounce Religion


You were on level 8 of the Dungeon.
You worshipped Makhleb.
Makhleb was most pleased with you.
You were not hungry.

You visited 1 branch of the dungeon, and saw 9 of its levels.
You also visited: Sewer.

You collected 376 gold pieces.
You spent 54 gold pieces at shops.

Inventory:

Hand Weapons
 a - a +1 long sword (weapon)
 b - a +2 dagger of distortion
 l - a +0 long sword
Armour
 c - a +1 kite shield (worn)
 i - the +5 ring mail of Poor Excuses (worn) {Str+2}
   (You found it on level 4 of the Dungeon)

   It affects your strength (+2).
Jewellery
 e - an amulet of the acrobat (around neck)
 t - a ring of resist corrosion (left hand)
Wands
 w - a wand of paralysis (10)
 y - a wand of polymorph (9)
Scrolls
 d - 5 scrolls of enchant weapon
 g - 6 scrolls of remove curse
 k - 2 scrolls of identify
 q - 5 scrolls of teleportation
 r - 3 scrolls of blinking
 v - 4 scrolls of enchant armour
Potions
 h - 4 potions of brilliance
 j - a potion of heal wounds
 m - 5 potions of curing
 n - 2 potions of haste
 o - 2 potions of flight
 p - a potion of magic
 u - 3 potions of ambrosia
 z - a potion of berserk rage
Comestibles
 f - 22 rations
 s - 2 chunks of flesh


   Skills:
 + Level 6.7 Fighting
 * Level 13.4 Long Blades
 + Level 8.0 Armour
 + Level 8.1 Shields
 * Level 3.5 Invocations


You had 9 spell levels left.
You didn't know any spells.
Your spell library contained the following spells:

 Spells                   Type           Power        Failure   Level  Hunger
 Summon Small Mammal      Summ           #...         88%         1    ##.....
 Call Imp                 Summ           #.......     95%         2    ###....
 Call Canine Familiar     Summ           #.......     99%         3    ####...
 Confusing Touch          Hex            #.......     99%         3    ####...
 Gell's Gravitas          Tloc           #.........   99%         3    ####...
 Summon Guardian Golem    Hex/Summ       #.......     99%         3    ####...
 Petrify                  Tmut/Erth      #.......     100%        4    #####..
 Summon Ice Beast         Ice/Summ       #.......     100%        4    #####..
 Summon Lightning Spire   Summ/Air       #.......     100%        4    #####..
 Metabolic Englaciation   Hex/Ice        #.........   100%        5    ######.
 Yara's Violent Unravell  Hex/Tmut       #.........   100%        5    ######.


Dungeon Overview and Level Annotations

Branches:
Dungeon (9/15)             Temple (0/1) D:5            Lair (0/6) D:9
  Sewer (visited)
    Orc: D:9-12

Altars:
Ashenzari
Cheibriados
Elyvilon
Fedhas
Hepliaklqana
Makhleb
Okawaru
Vehumet

Shops:
D:5 *   D:8 (

Annotations:
D:7 1 runed translucent door, Crazy Yiuf


Innate Abilities, Weirdness & Mutations

You reflexively headbutt those who attack you in melee.
You have a pair of horns on your head.


Message History

The troll bites you!
* * * LOW HITPOINT WARNING * * *
The troll claws you but does no damage. You block the troll's attack.
You slash the adder!
You kill the adder!
Makhleb accepts your kill.
You feel better.
You barely miss the troll. The troll bites you.
* * * LOW HITPOINT WARNING * * *
The troll barely misses you. You block the troll's attack.
You hit the troll but do no damage. The troll bites you.
* * * LOW HITPOINT WARNING * * *
The troll claws you.
* * * LOW HITPOINT WARNING * * *
The troll claws you!
* * * LOW HITPOINT WARNING * * *
You hit the troll.
The troll is lightly wounded.
You block the troll's attack. The troll claws you.
You die...

#.... #.... #....
#.... #.... #....
#.... ##########
##### #†@......#
########
#.)T.....###.......
#..................
#.........##.......
#.......÷#######..#
#......>.# #.##
#.......†# #.#
#........# #.#
#.[......# #.##


You could see a troll.

Vanquished Creatures
  A two-headed ogre (D:8)
  Pikel (D:6)
  A spriggan (D:7)
  Sigmund (D:4)
  A yak (D:6)
  A hungry ghost (D:7)
  Menkaure (D:7)
  2 ice beasts (D:6)
  A sky beast (D:9)
  2 orc warriors (D:8)
  A phantom (D:7)
  3 centaurs
  2 ogres
  An eye of draining (D:8)
  2 big kobolds (Sewer)
  A wyvern zombie (D:8)
  A water moccasin skeleton (D:4)
  3 scorpions
  3 killer bees (D:8)
  2 wights
  3 howler monkeys
  An electric eel (D:7)
  A bullfrog zombie (D:7)
  A crimson imp (D:6)
  3 hounds
  2 bullfrog skeletons
  A jelly (D:6)
  7 orc priests
  A centaur skeleton (D:9)
  2 iguanas
  11 orc wizards
  A hell rat (D:9)
  4 worker ants
  A hound zombie (D:6)
  A hound skeleton (D:5)
  A worker ant zombie (D:6)
  3 gnolls (D:4)
  13 adders
  3 river rats
  5 oozes
  2 worms
  2 dart slugs (D:1)
  3 leopard geckos
  26 orcs
  2 ball pythons
  6 bats
  8 giant cockroaches
  4 hobgoblins
  2 jackals (D:7)
  7 quokkas
  A ball python skeleton (D:4)
  6 frilled lizards
  9 goblins
  A jackal skeleton (D:5)
  15 kobolds
  A leopard gecko skeleton (D:5)
  A quokka skeleton (D:8)
  11 rats
203 creatures vanquished.

Vanquished Creatures (collateral kills)
  A death yak (D:8)
1 creature vanquished.

Vanquished Creatures (others)
  A leopard gecko (D:6)
1 creature vanquished.

Grand Total: 205 creatures vanquished

Notes
Turn   | Place    | Note
-------+----------+-------------------------------------------
     0 | D:1      | Dirian the Minotaur Fighter began the quest for the Orb.
     0 | D:1      | Reached XP level 1. HP: 19/19 MP: 0/0
   247 | D:1      | Reached XP level 2. HP: 27/27 MP: 1/1
   474 | D:1      | Reached skill level 3 in Long Blades
   703 | D:2      | Reached XP level 3. HP: 33/33 MP: 2/2
  1274 | D:3      | Reached skill level 4 in Long Blades
  1274 | D:3      | Reached XP level 4. HP: 37/40 MP: 3/3
  1582 | D:3      | Found a snail-covered altar of Cheibriados.
  1939 | D:3      | Found a burning altar of Makhleb.
  1946 | D:3      | Found an iron altar of Okawaru.
  2094 | D:3      | Reached XP level 5. HP: 46/46 MP: 4/4
  2251 | D:3      | Became a worshipper of Makhleb the Destroyer
  2293 | D:4      | Reached skill level 5 in Long Blades
  2467 | D:4      | Noticed Sigmund
  2471 | D:4      | Reached skill level 5 in Armour
  2476 | D:4      | Killed Sigmund
  2476 | D:4      | Reached skill level 6 in Long Blades
  2476 | D:4      | Reached XP level 6. HP: 37/53 MP: 5/5
  2970 | D:4      | Found a blossoming altar of Fedhas.
  3087 | D:4      | Reached skill level 7 in Long Blades
  3096 | D:4      | Reached XP level 7. HP: 45/60 MP: 6/6
  3212 | D:4      | Found a white marble altar of Elyvilon.
  3882 | D:4      | Got a crude ring mail
  3893 | D:4      | Identified the +5 ring mail of Poor Excuses {Str+2} (You
                  | found it on level 4 of the Dungeon)
  3951 | D:5      | Entered Level 5 of the Dungeon
  4069 | D:5      | Found a staircase to the Ecumenical Temple.
  4254 | D:5      | Reached skill level 5 in Shields
  4327 | D:5      | Found Gagiam's Assorted Antiques.
  4335 | D:5      | Reached * piety under Makhleb
  4342 | D:5      | Bought a scroll of identify for 54 gold pieces
  4390 | D:5      | Reached skill level 8 in Long Blades
  4691 | D:5      | Found a shattered altar of Ashenzari.
  4748 | D:6      | Noticed Pikel
  4755 | D:6      | Killed Pikel
  4755 | D:6      | Reached skill level 9 in Long Blades
  4755 | D:6      | Reached XP level 8. HP: 60/67 MP: 7/7
  4795 | D:6      | Reached skill level 5 in Fighting
  4987 | D:6      | Reached skill level 10 in Long Blades
  5076 | D:6      | Found a radiant altar of Vehumet.
  5182 | D:6      | Found a glowing drain.
  5183 | D:6      | Reached ** piety under Makhleb
  5200 | Sewer    | Entered a sewer
  5370 | Sewer    | Reached skill level 11 in Long Blades
  5370 | Sewer    | Reached XP level 9. HP: 73/74 MP: 8/8
  6289 | D:7      | Reached skill level 1 in Invocations
  6717 | D:7      | Noticed Menkaure
  6727 | D:7      | Killed Menkaure
  6822 | D:7      | Reached skill level 12 in Long Blades
  7092 | D:7      | Found a runed translucent door.
  7093 | D:7      | Noticed Crazy Yiuf
  7275 | D:8      | Found a hazy altar of Hepliaklqana.
  7317 | D:8      | Noticed a two-headed ogre
  7333 | D:8      | Killed a two-headed ogre
  7748 | D:8      | Found Heiv's Antique Weapon Shoppe.
  7760 | D:8      | Reached XP level 10. HP: 84/84 MP: 11/11
  7800 | D:8      | Reached *** piety under Makhleb
  8223 | D:9      | Noticed a death yak
  8226 | D:9      | Noticed a death yak
  8246 | D:9      | Noticed a death yak
  8263 | D:8      | HP: 1/84 [death yak (13)]
  8285 | D:8      | Killed a death yak
  8285 | D:8      | Reached skill level 13 in Long Blades
  8576 | D:9      | Found a staircase to the Lair.
  8733 | D:8      | HP: 3/84 [troll (8)]
  8734 | D:8      | Slain by a troll

Illustrated notes

Levels and vault maps discovered:
D:1:      dpeg_arrival_orchard, layout_rooms, dk_noncrumbling_2
D:2:      layout_basic
D:3:      layout_loops_corners, overflow_temple_1_default, minitemple,
          first_ration
D:4:      layout_cave_pods, nicolae_overflow_hidden_temple, fedhas_altar_2,
          uniq_sigmund
D:5:      layout_gridville, ashenzari_conservatory_becter,
          minmay_temple_entry_grid, serial_shops,
          nicolae_shop_overgrown_old_shop, minmay_diced_spiral
D:6:      minmay_chambers_of_sixes, layout_basic, vehumet_crystals,
          portal_sewer_entry_f, serial_rivers, chequers_serial_rivers_micro_b,
          chequers_serial_rivers_marsh, chequers_serial_rivers_micro_d,
          chequers_serial_rivers_room_a, chequers_serial_rivers_micro_b,
          chequers_serial_rivers_micro_c, uniq_pikel
D:7:      layout_loops_corners, fountainhead, the_bakery,
          uniq_crazy_yiuf_cottage, uniq_menkaure
D:8:      layout_rooms, serial_shops, kennysheep_mini_moat, basic_altar,
          minmay_fractal_squares_5
D:9:      layout_cross, dpeg_lair_monsters, david_orc_4,
          hangedman_abyss_or_decor_stagger

Skill      XL: |  1  2  3  4  5  6  7  8  9 10 |
---------------+-------------------------------+-----
Long Blades    | 3 4 6 7 9 11 12 13 | 13.4
Armour         | 4 5 6 7 8 |  8.0
Shields        | 4 5 6 7 8 |  8.1
Fighting       | 4 5 6 |  6.7
Invocations    | 2 3 |  3.5

Action                   |  1- 3 |  4- 6 |  7- 9 | 10-12 || total
-------------------------+-------+-------+-------+-------++-------
Melee: Long sword        |    94 |   104 |   306 |   120 ||   624
       Headbutt          |    10 |    21 |    58 |    22 ||   111
Invok: Minor Destruction |       |       |     2 |     2 ||     4
       Lesser Servant of |       |       |       |     2 ||     2
  Use: Potion            |     1 |       |     1 |     1 ||     3
       Scroll            |       |       |    20 |       ||    20
  Eat: Chunk             |     1 |     6 |    12 |     2 ||    21
       Ration            |       |       |     2 |       ||     2
Armor: Scale mail        |    53 |    34 |     4 |       ||    91
       Ring mail         |       |       |    91 |    27 ||   118
Dodge: Dodged            |    28 |    24 |    84 |    41 ||   177
Block: Kite shield       |    41 |    40 |   152 |    86 ||   319
       Rpst.: Long sword |     8 |     4 |    19 |     9 ||    40
